 Dungeon Crawl Stone Soup version 0.25-a0-731-g0472a16d6a (webtiles) character file.

Game seed: 16895265561166321841, levelgen mode: deterministic

12786 Amnesiac the Gelid (level 11, -5/67 (68) HPs)
             Began as a Barachi Ice Elementalist on Apr 8, 2020.
             Was a High Priest of Vehumet.
             Killed from afar by Harold (14 damage)
             ... with a harpoon shot
             ... on level 1 of the Lair of Beasts.
             The game lasted 00:31:49 (10397 turns).

Amnesiac the Gelid (Barachi Ice Elementalist)      Turns: 10397, Time: 00:31:50

HP:   -5/67 (68)    AC:  8    Str:  9    XL:     11   Next: 98%
MP:   4/25          EV: 12    Int: 19    God:    Vehumet [*****.]
Gold: 570           SH:  0    Dex: 13    Spells: 4/31 levels left

rFire    + + .     SeeInvis .   b - +1 dagger (elec)
rCold    . . .     Gourm    .   (no shield)
rNeg     . . .     Faith    +   G - +0 steam dragon scales
rPois    .         Spirit   .   u - +1 helmet
rElec    .         Reflect  .   F - scarf {rC+ rF+}
rCorr    .         Harm     .   (no gloves)
MR       .....                  o - +0 pair of boots
Stlth    ++........             s - amulet of faith
HPRegen  0.21/turn              t - ring of fire
MPRegen  0.19/turn              I - ring of wizardry

@: marked, slow
A: +LOS, swims, slowness 1, strong legs 1
a: Hop, Renounce Religion


You were on level 1 of the Lair of Beasts.
You worshipped Vehumet.
Vehumet was extremely pleased with you.
You were very hungry.

You visited 3 branches of the dungeon, and saw 14 of its levels.
You also visited: Sewer.

You collected 570 gold pieces.

Inventory:

Hand Weapons
 a - a +3 hunting sling of freezing
 b - a +1 dagger of electrocution (weapon)
Missiles
 g - 20 poisoned darts (quivered)
 p - 265 stones
 w - 26 sling bullets
Armour
 o - a +0 pair of boots (worn)
 r - a +0 tower shield
 u - a +1 helmet (worn)
 F - a scarf of resistance (worn)
 G - +0 steam dragon scales (worn)
Jewellery
 i - an uncursed ring of ice
 s - an amulet of faith (around neck)
 t - a ring of fire (left hand)
 I - a ring of wizardry (right hand)
Wands
 h - a wand of digging (8)
 y - a wand of polymorph (15)
 D - a wand of disintegration (7)
 H - a wand of flame (6)
Scrolls
 d - 2 scrolls of immolation {!r, unknown}
 n - 5 scrolls of blinking {!r}
 q - 3 scrolls of teleportation {!r}
 z - 5 scrolls of remove curse {!r}
 A - a scroll of fear {!r}
 J - 2 scrolls of identify {!r}
 K - 4 scrolls of enchant armour {!r}
Potions
 e - 7 potions of heal wounds {!q}
 f - 5 potions of brilliance {!q}
 j - 8 potions of curing {!q}
 k - 3 potions of flight {!q}
 l - 3 potions of stabbing {!q}
 m - 2 potions of might {!q}
 v - a potion of magic {!q}
 B - 3 potions of berserk rage {!q}
 C - a potion of haste {!q}
 E - a potion of mutation {!q}
 L - a potion of lignification {!q, unknown}
Comestibles
 c - 18 rations
 x - 4 chunks of flesh


   Skills:
 - Level 2.1 Dodging
 - Level 1.7 Stealth
 - Level 4.0 Shields
 + Level 10.8 Spellcasting
 * Level 17.2 Ice Magic


You had 4 spell levels left.
You knew the following spells:

 Your Spells              Type           Power        Failure   Level  Hunger
a - Fireball              Conj/Fire      ###.......   19%         5    ####...
b - Ozocubu's Refrigerat  Ice            ######....   1%          6    ######.
c - Summon Ice Beast      Ice/Summ       #####...     1%          4    ##.....
d - Hailstorm             Conj/Ice       #####...     1%          4    ##.....
e - Shock                 Conj/Air       ##..         1%          1    None
f - Freeze                Ice            ####         0%          1    None
g - Frozen Ramparts       Ice            ######       0%          3    None
z - Ozocubu's Armour      Chrm/Ice       #####...     1%          3    None

Your spell library contained the following spells:

 Spells                   Type           Power        Failure   Level  Hunger
 Ensorcelled Hibernation  Hex/Ice        #####.       1%          2    None
 Corona                   Hex            ##.....      2%          1    None
 Dazzling Flash           Conj/Hex       ##....       2%          3    None
 Confusing Touch          Hex            ##......     9%          3    None
 Tukima's Dance           Hex            ##......     9%          3    None


Dungeon Overview and Level Annotations

Branches:
Dungeon (12/15)            Temple (1/1) D:4            Lair (1/6) D:9
  Sewer (visited)
    Orc: D:9-12

Altars:
Ashenzari
Cheibriados
Dithmenos
Elyvilon
Fedhas
Gozag
Hepliaklqana
Kikubaaqudgha
Makhleb
Nemelex Xobeh
Okawaru
Qazlal
Ru
Trog
Uskayaw
Vehumet
Wu Jian
Xom
Yredelemnul
Zin
The Shining One

Shops:
D:4 =   D:11 *

Annotations:
D:1 1 exclusion
Lair:1 Harold


Innate Abilities, Weirdness & Mutations

You can be seen from farther away. (+LOS)
You can swim through water.
You cover ground slowly.
You can hop short distances.


Message History

The vampire mosquito is severely damaged.
You can drink potions again.
The vampire mosquito barely misses you.
The insubstantial wisp blinks!
The vampire mosquito barely misses you.
You barely miss the vampire mosquito.
The vampire mosquito is severely damaged.
The vampire mosquito bites you but does no damage.
Harold the Weathered comes into view.
He is wielding a +0 flail.
Casting: Ozocubu's Refrigeration (safe; 1% risk of failure)
Confirm with . or Enter, or press ? or * to list all spells.
The heat is drained from your surroundings.
You feel very cold.
The vampire mosquito, Harold and the water moccasin are frozen.
You destroy the vampire mosquito!
Vehumet accepts your kill.
Harold shouts!
Harold is moderately wounded.
You kill the water moccasin!
Vehumet accepts your kill.
You are feeling very hungry.
Evoke which item? (* to show all) (? for menu, Esc to quit)
Okay, then.
Harold throws a throwing net.
The throwing net hits you.
You become entangled in the net!
You see here a throwing net.
Unknown command.
Okay, then.
You struggle against the net.
You tear a large gash into the net.
You struggle against the net.
Harold hits you with a +0 flail.
* * * LOW HITPOINT WARNING * * *
You shred the net and break free! Harold casts a spell at you.
You barely resist.
Harold throws a throwing net.
The throwing net barely misses you.
Harold throws a throwing net.
The throwing net barely misses you.
You can drink potions again.
The insubstantial wisp blinks!
Harold gestures at you while chanting. A sentinel's mark forms upon you.
Harold fires a harpoon shot at you. The harpoon shot hits you.
* * * LOW HITPOINT WARNING * * *
You are yanked forward by the harpoon shot.
The insubstantial wisp blinks!
Harold says, "Listen, it's nothing personal.
It's just a job."
Harold throws a throwing net.
The throwing net hits you.
You become entangled in the net!
You see here a throwing net.
You struggle against the net.
You struggle against the net.
Harold hits you with a +0 flail!
* * * LOW HITPOINT WARNING * * *
You struggle against the net.
Harold asks, "Do you mind if I name my boat the 'Amnesiac'?
Your head will be paying for it, after all."
Harold hits you with a +0 flail!
* * * LOW HITPOINT WARNING * * *
You struggle against the net.
The insubstantial wisp blinks!
You rip the net and break free!
Harold asks, "Do you mind if I name my boat the 'Amnesiac'?
Your head will be paying for it, after all."
Harold hits you with a +0 flail.
* * * LOW HITPOINT WARNING * * *
Harold fires a harpoon shot at you. The harpoon shot hits you!
You die...

#.P #≈≈≈≈≈≈≈ #.# #.≈≈≈≈≈ ##.#
##...≈≈ #..# ##..... ##.##
###.#..†# ##..# #...# #†### ###
####P.### #...###...###
..####.#...#.######§..#.......##.
.#..............@.@v.....÷.....?.
...###.P.########.#..#....###.#.#
#.####..÷#######.(...#....# ## #
.## #..#......#....###...##
..####.#.......v...# #####
...###.#...>.....########
...#.....P........≈.≈..≈##
.#...#.###....≈.≈........##
#.#.##.# ##......≈....≈≈..##≈


You could see Harold and an insubstantial wisp.

Vanquished Creatures
  Erolcha (D:11)
  3 two-headed ogres
  Pikel (D:7)
  A manticore (D:11)
  Maggie (D:7)
  2 centaur skeletons
  3 komodo dragons (D:9)
  A troll (D:9)
  A merfolk (D:9)
  2 hippogriffs
  4 yaks (D:11)
  6 wyverns
  Grum (D:9)
  Eustachio (D:4)
  A steam dragon (D:9)
  4 vampire mosquitoes (Lair:1)
  2 water moccasins (Lair:1)
  A porcupine (Lair:1)
  3 orc warriors
  A sky beast (D:8)
  2 black bears (D:8)
  4 slaves (D:7)
  An eye of draining (D:11)
  A necrophage (D:6)
  A phantom (D:5)
  An ogre (D:10)
  3 wolves (D:9)
  5 centaurs
  A crocodile (Lair:1)
  5 big kobolds
  10 bullfrogs
  A wyvern zombie (D:7)
  A wyvern skeleton (D:10)
  3 scorpions
  6 wights
  2 crimson imps
  2 hounds
  11 orc priests
  A bullfrog skeleton (D:11)
  4 iguanas
  4 worker ants
  6 orc wizards
  A hound skeleton (D:6)
  2 worker ant zombies
  14 adders
  A river rat (D:3)
  A shadow imp (D:5)
  3 adder skeletons
  3 worms
  2 dart slugs
  3 leopard geckos
  43 orcs
  3 ball pythons (D:1)
  24 bats
  8 giant cockroaches
  9 goblins
  7 hobgoblins
  4 jackals
  28 kobolds
  8 quokkas
  A ball python zombie (D:6)
  12 frilled lizards
  2 leopard gecko zombies
  12 rats
  A bush (D:6)
  4 fungi (Lair:1)
311 creatures vanquished.

Vanquished Creatures (collateral kills)
  A wolf (D:9)
  A phantom (D:4)
  A wight (D:7)
3 creatures vanquished.

Vanquished Creatures (others)
  An orc wizard (D:9)
1 creature vanquished.

Grand Total: 315 creatures vanquished

Notes
Turn   | Place    | Note
-------+----------+-------------------------------------------
     0 | D:1      | Amnesiac the Barachi Ice Elementalist began the quest for
                  | the Orb.
     0 | D:1      | Reached XP level 1. HP: 13/13 MP: 3/3
    23 | D:1      | Reached skill level 5 in Ice Magic
   285 | D:1      | Reached XP level 2. HP: 19/19 MP: 3/5
   774 | D:3      | Reached XP level 3. HP: 15/24 MP: 2/7
   779 | D:3      | Learned a level 3 spell: Frozen Ramparts
   783 | D:3      | Learned a level 3 spell: Ozocubu's Armour
   971 | D:3      | Reached skill level 6 in Ice Magic
   979 | D:3      | Reached XP level 4. HP: 25/30 MP: 3/8
  1088 | D:3      | Reached XP level 5. HP: 33/35 MP: 0/10
  1097 | D:3      | Found a glowing drain.
  1101 | Sewer    | Entered a sewer
  1187 | Sewer    | Noticed a big kobold
  1194 | Sewer    | Killed a big kobold
  1194 | Sewer    | Reached skill level 7 in Ice Magic
  1315 | Sewer    | Noticed a big kobold
  1320 | Sewer    | Killed a big kobold
  1320 | Sewer    | Reached XP level 6. HP: 34/41 MP: 3/12
  1398 | Sewer    | Reached skill level 8 in Ice Magic
  1577 | D:4      | Learned a level 4 spell: Summon Ice Beast
  1700 | D:5      | Entered Level 5 of the Dungeon
  1737 | D:4      | Found Ejeso's Jewellery Emporium.
  1739 | D:4      | Noticed a phantom
  1740 | D:4      | Noticed Eustachio
  1800 | D:4      | Killed Eustachio
  1800 | D:4      | Reached XP level 7. HP: 7/46 MP: 1/14
  2345 | D:4      | Reached skill level 9 in Ice Magic
  2550 | D:4      | Found a staircase to the Ecumenical Temple.
  2556 | IceCv    | Identified a paperback manual
  2556 | Temple   | Entered the Ecumenical Temple
  2613 | Temple   | Became a worshipper of Vehumet
  3697 | D:2      | Found a snail-covered altar of Cheibriados.
  4147 | D:3      | Reached * piety under Vehumet
  4147 | D:3      | Offered knowledge of Shock by Vehumet.
  4147 | D:3      | Reached skill level 5 in Spellcasting
  4150 | D:3      | Learned a level 1 spell: Shock
  4155 | D:3      | Learned a level 4 spell: Hailstorm
  4801 | D:5      | Reached XP level 8. HP: 46/52 MP: 14/16
  4879 | D:5      | Found a shimmering altar of Xom.
  4879 | D:5      | Found a glowing silver altar of Zin.
  4880 | D:5      | Found a sparkling altar of Nemelex Xobeh.
  4993 | D:5      | Reached skill level 10 in Ice Magic
  5611 | D:6      | Reached ** piety under Vehumet
  5619 | D:6      | Learned a level 1 spell: Freeze
  5620 | D:6      | Offered knowledge of Foxfire by Vehumet.
  5644 | D:6      | Reached skill level 11 in Ice Magic
  5693 | D:6      | Found a burning altar of Makhleb.
  5996 | D:6      | Found a sacrificial altar of Ru.
  6283 | D:7      | Noticed Maggie
  6298 | D:7      | Killed Maggie
  6298 | D:7      | Reached XP level 9. HP: 26/56 MP: 8/19
  6331 | D:7      | Reached skill level 12 in Ice Magic
  6486 | D:7      | Offered knowledge of Ignite Poison by Vehumet.
  6526 | D:7      | Noticed Pikel
  6544 | D:7      | Killed Pikel
  6794 | D:7      | Reached *** piety under Vehumet
  6965 | D:8      | Reached skill level 13 in Ice Magic
  7011 | D:8      | Offered knowledge of Fulminant Prism by Vehumet.
  7105 | D:8      | Reached XP level 10. HP: 42/62 MP: 21/21
  7123 | D:8      | Found an iron altar of Okawaru.
  7573 | D:9      | Noticed a two-headed ogre
  7586 | D:9      | Killed a two-headed ogre
  7586 | D:9      | Reached skill level 14 in Ice Magic
  7662 | D:9      | You fall into a shaft and drop 3 floors!
  7763 | D:11     | Reached **** piety under Vehumet
  7816 | D:11     | Offered knowledge of Fireball by Vehumet.
  7827 | D:11     | Noticed a two-headed ogre
  7848 | D:11     | HP: 3/62 [two-headed ogre/+0 giant spiked club (4)]
  7850 | D:11     | Killed a two-headed ogre
  7850 | D:11     | Reached skill level 15 in Ice Magic
  8024 | D:11     | Noticed a manticore
  8028 | D:11     | Reached XP level 11. HP: 44/67 MP: 15/24
  8039 | D:11     | Killed a manticore
  8311 | D:11     | Found Serchiose's Assorted Antiques.
  8404 | D:11     | Noticed Erolcha
  8420 | D:11     | Killed Erolcha
  8526 | D:11     | Learned a level 5 spell: Fireball
  8626 | D:10     | Entered Level 10 of the Dungeon
  8626 | D:10     | Noticed a two-headed ogre
  8645 | D:10     | Killed a two-headed ogre
  8645 | D:10     | Reached skill level 10 in Spellcasting
  8645 | D:10     | Reached skill level 16 in Ice Magic
  8791 | D:9      | Noticed Grum
  8808 | D:9      | Killed Grum
  8944 | D:9      | Reached ***** piety under Vehumet
  9228 | D:9      | Offered knowledge of Ozocubu's Refrigeration by Vehumet.
  9296 | D:9      | Found a staircase to the Lair.
  9478 | D:9      | Learned a level 6 spell: Ozocubu's Refrigeration
  9851 | D:10     | Noticed a white ugly thing
  9861 | D:10     | Reached skill level 17 in Ice Magic
  9870 | D:10     | HP: 1/67 [white ugly thing (34)]
 10190 | Lair:1   | Entered Level 1 of the Lair of Beasts
 10376 | Lair:1   | Noticed Harold
 10397 | Lair:1   | Killed from afar by Harold

Levels and vault maps discovered:
D:1:      saegor_arrival_simple_d, layout_loops_ring, minmay_statues_item,
          minmay_tripent
D:2:      layout_basic, overflow_temple_1_default, first_ration
D:3:      kennysheep_six_static_rooms, layout_basic, gup_sewer_entry_bowl,
          minmay_pentangle
D:4:      layout_basic, minmay_temple_entry_enclosed_plants, serial_shops, shop,
          uniq_eustachio
D:5:      layout_rooms, gammafunk_temple_overflow_claw
D:6:      layout_cave_pools, nicolae_ru_great_annihilating_truth,
          makhleb_blood_cavern_becter, minmay_misc_feat_more_columns,
          kb_lookout_dungeons_type
D:7:      layout_basic, uniq_maggie, uniq_pikel
D:8:      layout_cave_pools, kennysheep_okawaru_gauntlet
D:9:      layout_rooms, erik_lair_dragon, hangedman_fish_farm, uniq_grum
D:10:     layout_cave_pools, hiddenorc1_lemuel
D:11:     layout_gridville, serial_shops, nicolae_shop_overgrown_old_shop,
          item_on_display_a, uniq_erolcha
D:12:     layout_loops_ring, serial_shops, nicolae_shop_overgrown_old_shop
Temple:   regret_index_temple_waves
Lair:1:   layout_misc_corridors, chequers_serial_rivers_small_3, minivault_24,
          pond, uniq_harold, uniq_fannar

Skill      XL: |  1  2  3  4  5  6  7  8  9 10 11 |
---------------+----------------------------------+-----
Ice Magic      | 5 6 7 8 9 11 13 15 17 | 17.2
Spellcasting   | 3 4 5 6 7 9 10 | 10.8
Shields        | 2 4 |  4.0
Dodging        | |  2.1
Stealth        | |  1.7

Action                   |  1- 3 |  4- 6 |  7- 9 | 10-12 || total
-------------------------+-------+-------+-------+-------++-------
Melee: Unarmed           |    37 |    19 |    21 |       ||    77
       Dagger            |       |       |       |    30 ||    30
 Fire: Hunting sling     |       |       |   374 |    56 ||   430
 Cast: Freeze            |    39 |    55 |    49 |    13 ||   156
       Frozen Ramparts   |       |     9 |    22 |    30 ||    61
       Summon Ice Beast  |       |     2 |     8 |     2 ||    12
       Shock             |       |       |    50 |   173 ||   223
       Ozocubu's Armour  |       |       |     1 |       ||     1
       Ozocubu's Refrige |       |       |       |    25 ||    25
       Fireball          |       |       |       |     5 ||     5
       Hailstorm         |       |       |       |     3 ||     3
Evoke: Wand              |       |       |       |     7 ||     7
  Use: Scroll            |       |     7 |    12 |     2 ||    21
       Potion            |       |     2 |       |     1 ||     3
 Stab: Sleeping          |       |     1 |       |       ||     1
  Eat: Chunk             |     1 |     3 |    18 |    20 ||    42
       Ration            |       |       |     1 |       ||     1
Armor: Robe              |    25 |    13 |    12 |       ||    50
       Steam dragon scal |       |       |    14 |    59 ||    73
Dodge: Dodged            |    49 |    48 |    91 |    99 ||   287

Table legend:
 A = Non-vault XP
 B = Vault XP
 C = Vault XP percentage of total XP
 D = Non-vault monster count
 E = Vault monster count
 F = Vault count percentage of total count
                 A         B        C        D         E       F
            +---------+---------+-------+---------+---------+-------
      Total |   11954 |    6313 |  34.6 |     221 |      85 |  27.8
            +---------+---------+-------+---------+---------+-------
        D:1 |      39 |       3 |   7.1 |      23 |       2 |   8.0
        D:2 |      50 |       0 |   0.0 |      20 |       0 |   0.0
        D:3 |     205 |      51 |  19.9 |      31 |      14 |  31.1
        D:4 |      98 |     203 |  67.4 |      13 |       1 |   7.1
        D:5 |     347 |       0 |   0.0 |      12 |       0 |   0.0
        D:6 |     540 |     301 |  35.8 |      15 |       7 |  31.8
        D:7 |     711 |    1026 |  59.1 |      15 |       2 |  11.8
        D:8 |    1484 |       4 |   0.3 |      24 |       2 |   7.7
        D:9 |    1889 |    2520 |  57.2 |      21 |      12 |  36.4
       D:10 |    1996 |     207 |   9.4 |      14 |      16 |  53.3
       D:11 |    3857 |     959 |  19.9 |      26 |       1 |   3.7
       D:12 |      98 |       0 |   0.0 |       2 |       0 |   0.0
     Lair:1 |     640 |     706 |  52.5 |       5 |       4 |  44.4
      Sewer |       0 |     333 | 100.0 |       0 |      24 | 100.0
            +---------+---------+-------+---------+---------+-------
